 Dungeon Crawl Stone Soup version 0.19-a0-442-g8935a21 (webtiles) character file.

151 Ordine the Changer (level 5, 0/33 HPs)
             Began as an Octopode Transmuter on June 1, 2016.
             Was a Follower of Cheibriados.
             Slain by a jelly (2 damage)
             ... on level 3 of the Dungeon.
             The game lasted 00:10:02 (3309 turns).

Ordine the Changer (Octopode Transmuter)            Turns: 3309, Time: 00:10:03

Health: 0/33       AC: -1    Str: 13    XL:     5   Next: 33%
Magic:  8/8        EV: 12    Int: 19    God:    Cheibriados [*.....]
Gold:   127        SH:  0    Dex: 15    Spells: 1 memorised, 5 levels left

rFire  . . .     SeeInvis .       - Unarmed
rCold  . . .     Gourm    .     (no shield)
rNeg   . . .     Faith    +     (helmet restricted)
rPois  .         Spirit   .     a - amulet of faith
rElec  .         Dismiss  .     (no ring)
rCorr  .         Reflect  .     (no ring)
SustAt .         Harm     .     (no ring)
MR     .....                    (no ring)
Stlth  ++........               (no ring)
                                (no ring)
                                (no ring)
                                (no ring)

@: corroded, very slow, not resistant to hostile enchantments, unstealthy
A: almost no armour, amphibious, 8 rings, constrict 8, slimy green scales 1,
camouflage 1, gelatinous body 1
a: Bend Time, Renounce Religion


You were on level 3 of the Dungeon.
You worshipped Cheibriados.
Cheibriados was aware of your devotion.
You were not hungry.

You visited 1 branch of the dungeon, and saw 4 of its levels.

You collected 127 gold pieces.

Inventory:

Jewellery
 a - an amulet of faith (around mantle)
 e - an uncursed ring of protection from cold {unknown}
Scrolls
 g - a scroll of noise
Books
 b - a book of Changes

   Spells                             Type                      Level
   a - Beastly Appendage              Transmutation                1
   b - Sticks to Snakes               Transmutation                2
   c - Spider Form                    Transmutation/Poison         3
   d - Ice Form                       Ice/Transmutation            4
   e - Blade Hands                    Transmutation                5
Comestibles
 c - 3 bread rations


   Skills:
 - Level 1.0 Fighting
 - Level 2.0 Dodging
 - Level 3.5 Unarmed Combat
 - Level 2.0 Spellcasting
 * Level 5.0 Transmutations


You had 5 spell levels left.
You knew the following spells:

 Your Spells              Type           Power        Failure   Level  Hunger
a - Spider Form           Tmut/Pois      ##........   17%         3    ###....


Dungeon Overview and Level Annotations

Branches:
Dungeon (4/15)
 Temple: D:4-7

Altars:
Cheibriados
Sif Muna


Innate Abilities, Weirdness & Mutations

You cannot wear most types of armour.
You are amphibious.
You can wear up to eight rings at the same time.
You can use your tentacles to constrict eight enemies at once.
Your skin changes colour to match your surroundings (Stealth+).
Your rubbery body absorbs attacks. (AC +1)
You are partially covered in slimy green scales. (AC +2)


Message History

All of the chunks of flesh in your inventory have rotted away.
You hear the slow rusting of a very distant drain.
You start resting.
HP restored.
A howler monkey comes into view.
You see here 18 gold pieces.
There is a stone staircase leading up here.
You climb upwards.
The jelly hits you.
You are splashed with acid!
The acid burns!
The jelly hits you.
You are splashed with acid!
The acid corrodes you!
The acid burns!
There is a stone staircase leading down here.
You aren't carrying any potions.
You fail to use your ability.
The jelly hits you.
You are splashed with acid!
The acid burns!
* * * LOW HITPOINT WARNING * * *
The jelly closely misses you.
A hobgoblin comes into view. It is wielding a club.
The jelly barely misses you. The jelly hits you.
You die...

##########
#######........#####
.......>...........#
#######..........###g
))....#.#........### #
#####.#.<......J@..#.#
#####.#.#........#.#.#
........#............#
.#####.##.....##.#.### .#
#......(..##.#.#########
.####.#.#.....##.#.........#
......#.#.#...##.#########.#
......#...+...+... #.#
.)....#.#.#...# #.#


You could see a jelly.

Vanquished Creatures
  An orc priest (D:3)
  An orc wizard (D:3)
  2 adders (D:2)
  A gnoll (D:2)
  2 worms (D:2)
  A dart slug (D:1)
  3 orcs (D:3)
  10 bats
  A giant cockroach (D:1)
  8 hobgoblins
  5 jackals (D:1)
  4 kobolds
  2 quokkas (D:2)
  A ball python (D:1)
  A giant newt (D:1)
  8 goblins
  4 rats (D:1)
55 creatures vanquished.

Notes
Turn   | Place    | Note
--------------------------------------------------------------
     0 | D:1      | Ordine the Octopode Transmuter began the quest for the Orb.
     0 | D:1      | Reached XP level 1. HP: 13/13 MP: 3/3
    84 | D:1      | Reached XP level 2. HP: 12/18 MP: 5/5
   652 | D:1      | Reached XP level 3. HP: 17/23 MP: 6/6
   659 | D:1      | Learned a level 3 spell: Spider Form
   774 | D:1      | Reached skill level 3 in Transmutations
   805 | D:1      | Found a snail-covered altar of Cheibriados.
   809 | D:1      | Became a worshipper of Cheibriados the Contemplative
  1422 | D:2      | Found a deep blue altar of Sif Muna.
  1755 | D:2      | Reached XP level 4. HP: 28/28 MP: 7/7
  1875 | D:2      | Reached * piety under Cheibriados
  2012 | D:2      | Gained mutation: You are dopey. (Int -2) [potion of mutation]
  2012 | D:2      | Gained mutation: Your body sometimes deteriorates upon taking damage. [potion of mutation]
  2012 | D:2      | Gained mutation: You are frail. (-10% HP) [potion of mutation]
  2016 | D:2      | Reached skill level 4 in Transmutations
  2019 | D:2      | Lost mutation: Your body sometimes deteriorates upon taking damage. [potion of mutation]
  2019 | D:2      | Gained mutation: You are resistant to electric shocks. (rElec) [potion of mutation]
  2019 | D:2      | Lost mutation: You are dopey. (Int -2) [potion of mutation]
  2020 | D:2      | Lost mutation: You are frail. (-10% HP) [potion of cure mutation]
  2020 | D:2      | Lost mutation: You are resistant to electric shocks. (rElec) [potion of cure mutation]
  3033 | D:3      | Gained mutation: You are partially covered in slimy green scales. (AC +2) [potion of beneficial mutation]
  3038 | D:3      | Reached XP level 5. HP: 10/33 MP: 4/8
  3041 | D:3      | Reached skill level 5 in Transmutations
  3302 | D:3      | HP: 1/33 [acid (10)]
  3309 | D:3      | Slain by a jelly

Vault maps used:
D:1:      dpeg_arrival_tiny_k, cheibriados_altar_1
D:2:      overflow_temple_1_default, kennysheep_generic_room_13
D:3:      nicolae_ru_the_path_less_chosen
D:4:      nicolae_dithmenos_shadow_blocks, lemuel_zombie_altar_yredelemnul,
          kennysheep_little_box, first_bread, portal_sewer_entry_e,
          uniq_menkaure

Skill      XL: |  1  2  3  4  5 |
---------------+----------------+-----
Transmutations | 3 4 5 |  5.0
Fighting       | |  1.0
Dodging        | |  2.0
Unarmed Combat | |  3.5
Spellcasting   | |  2.0

Action                   |  1- 3 |  4- 6 || total
-------------------------+-------+-------++-------
Melee: Unarmed           |    82 |    47 ||   129
       Constrict         |    23 |    14 ||    37
       Tentacles         |    17 |     9 ||    26
       Punch             |     1 |     3 ||     4
 Cast: Spider Form       |       |     1 ||     1
  Use: Scroll            |     5 |     3 ||     8
       Potion            |       |     5 ||     5
 Stab: Sleeping          |     4 |     5 ||     9
  Eat: Chunk             |     3 |     2 ||     5
Armor: Skin              |     6 |     4 ||    10
Dodge: Dodged            |    57 |    27 ||    84
